 Dungeon Crawl Stone Soup version 0.31-a0-1476-g8a4046af8c (webtiles) character file.

Game seed: 8250692799720058468

58 Ivernyr the Shield-Bearer (level 4, 0/37 HPs)
             Began as a Formicid Fighter on Dec 29, 2023.
             Was an Initiate of Wu Jian.
             Incinerated by a bombardier beetle (4 damage)
             ... with a burning spray
             ... on level 3 of the Dungeon.
             The game lasted 00:03:35 (2060 turns).

Ivernyr the Shield-Bearer (Formicid Fighter)        Turns: 2060, Time: 00:03:36

Health: 0/37       AC:  7    Str: 23    XL:     4   Next: 20%
Magic:  4/4        EV:  9    Int:  7    God:    Wu Jian [......]
Gold:   192        SH:  5    Dex: 13    Spells: 3/3 levels left

rFire   . . .        a - +0 quarterstaff
rCold   . . .        c - +0 buckler
rNeg    . . .        b - +0 scale mail
rPois   .            (helmet unavailable)
rElec   .            (no cloak)
rCorr   .            (no gloves)
SInv    +            (no boots)
Will    .....        (no amulet) Stlth
                     (no ring)
HPRegen 0.26/turn    (no ring)
MPRegen 0.09/turn

%: no passive effects
@: on fire, glowing
A: permanent stasis, dig shafts and tunnels, antennae 3, four strong arms
a: Dig, Shaft Self, Renounce Religion


You were on level 3 of the Dungeon.
You worshipped Wu Jian.
Wu Jian was noncommittal.
You visited 1 branch of the dungeon, and saw 4 of its levels.

You collected 192 gold pieces.

Inventory:

Hand Weapons
 a - a +0 quarterstaff (weapon)
Armour
 b - a +0 scale mail (worn)
 c - a +0 buckler (worn)
Wands
 n - a wand of iceblast (4)
Scrolls
 e - 2 scrolls of teleportation {unknown}
 g - a scroll of summoning {unknown}
 h - a scroll of enchant armour {unknown}
 i - 2 scrolls of poison {unknown}
 p - a scroll of identify {unknown}
 q - 2 scrolls of immolation {unknown}
 r - a scroll of amnesia {unknown}
Potions
 d - 2 potions of might
 f - a potion of enlightenment {unknown}
 j - a potion of cancellation {unknown}
 k - a potion of brilliance {unknown}
 l - a potion of degeneration {unknown}
 m - a potion of berserk rage {unknown}
 o - 3 potions of curing {unknown}


   Skills:
 + Level 3.7 Fighting
 * Level 3.0 Staves
 + Level 3.8 Armour
 + Level 4.5 Shields


You had 3 spell levels left.
You didn't know any spells.
Your spell library contained the following spells:

 Spells                   Type           Power      Damage    Failure   Level
 Manifold Assault         Tloc           0%         N/A       100%        4
 Dispersal                Tloc           0%         N/A       100%        6
 Disjunction              Tloc           0%         N/A       100%        8


Dungeon Overview and Level Annotations

Branches:
Dungeon (4/15)
 Temple: D:4-7

Altars:
Ru
Wu Jian

Annotations:
D:3 2 transporters, confidenceinterval's ghost, weakling DrSh


Innate Abilities, Weirdness & Mutations

You cannot be hasted, slowed, berserked, paralysed or teleported.
You can dig through walls and to a lower floor.
You have a pair of large antennae on your head. (SInv)
Your four strong arms can wield two-handed weapons with a shield.


Message History

The orc misses you. The orc barely misses you.
You shake off some of the fire as you move.
The liquid fire burns you!
There is a stone staircase leading up here.
The liquid fire burns you!
The bombardier beetle waves its antennae.
The bombardier beetle sprays incendiary fluid at you.
The burning spray hits you.
You are even more covered in liquid fire!
The orc hits you with a +0 club. The orc hits you with a +0 dagger.
You shake off some of the fire as you move.
You climb upwards.
Level annotation: 2 transporters, confidenceinterval's ghost, weakling DrSh The liquid fire burns you!
There is a stone staircase leading down here.
You hit the orc.
The orc is severely wounded.
The liquid fire burns you! The orc hits you with a +0 club.
You block the orc's attack.
You barely miss the orc.
The orc is severely wounded.
The liquid fire burns you!
* * * LOW HITPOINT WARNING * * *
The orc hits you but does no damage. x2
Unknown command.
You hit the orc.
You kill the orc!
The Council accepts your kill. The liquid fire burns you!
* * * LOW HITPOINT WARNING * * *
The orc hits you but does no damage. The orc barely misses you.
You completely miss the orc. The liquid fire burns you!
* * * LOW HITPOINT WARNING * * *
The orc hits you but does no damage.
Unknown command.
You hit the orc.
The orc is lightly wounded.
The liquid fire burns you!
You die...

#.............##............#
#.###########.###.....#####.#
#.# #.# ##...## #.# #.# #.#
##.## #.# #### #.# #.# #.#
##Z# #.# #.# #.# Z####
####.#####.# ##.### ##..###
#.......##.# #..... .._.#Z#
#....@o.##.# #..### ##..###
#....)...#.# #..... Z####
#..........# #.#### ##Z#
#........### #.#
############........######
#.#
..<......................#
#.#
################.##.####.#
#.### ############## #)##.#
#.# #...# .............#
#.##.# ##.#####.#


You could see an orc.

Vanquished Creatures
  An adder (D:3)
  A worm (D:3)
  3 orcs (D:3)
  9 ball pythons
  2 endoplasms (D:1)
  2 hobgoblins (D:1)
  6 jackals (D:1)
  A quokka (D:1)
  3 bats
  4 frilled lizards
  2 goblins (D:1)
  2 kobolds (D:1)
  7 rats
43 creatures vanquished.

Notes
Turn   | Place    | Note
-------+----------+-------------------------------------------
     0 | D:1      | Ivernyr the Formicid Fighter began the quest for the Orb.
     0 | D:1      | Reached XP level 1. HP: 18/18 MP: 1/1
   141 | D:1      | Reached XP level 2. HP: 24/24 MP: 2/2
   272 | D:1      | Reached XP level 3. HP: 27/29 MP: 3/3
   766 | D:2      | Identified the +6 dagger of Wu Jian's Condemnation {drain,
                  | Stlth+}
  1378 | D:3      | Noticed confidenceinterval's ghost (weakling DrSh)
  1378 | D:3      | Identified the +8 dire flail "Vigetoli" {elec, Int+3}
  1378 | D:3      | Noticed an ogre
  1379 | D:3      | Found a transporter.
  1379 | D:3      | Found a transporter.
  1379 | D:3      | Noticed an ogre
  1496 | D:3      | Reached XP level 4. HP: 29/37 MP: 4/4
  1537 | D:3      | Found a sacrificial altar of Ru.
  1545 | D:3      | Found an ornate altar of the Wu Jian Council.
  1591 | D:3      | Noticed a spectral centipede
  1591 | D:3      | Noticed a spectral black mamba
  1591 | D:3      | Noticed a spectral cane toad
  1592 | D:3      | Became a worshipper of the Wu Jian Council
  2060 | D:3      | Incinerated by a bombardier beetle

Illustrated notes

Levels and vault maps discovered:
D:1:      lightli_arrival_statuegarden, layout_basic, patterned_corridor
D:2:      layout_loops_ring, minmay_curled_crystal
D:3:      layout_loops_ring, hangedman_ru_absence,
          pdpol_wu_jian_five_deadly_venoms, gammafunk_ghost_smash
D:4:      layout_rooms, mainiacjoe_overflow_brackets, mainiacjoe_overflow_paths,
          minmay_circle_x

Skill      XL: |  1  2  3  4 |
---------------+-------------+-----
Staves         | 3 |  3.0
Fighting       | |  3.7
Armour         | |  3.8
Shields        | |  4.5

Action                     |  1- 3 |  4- 6 || total
---------------------------+-------+-------++-------
  Melee: Quarterstaff      |   116 |    14 ||   130
Ability: Lunge             |       |     1 ||     1
 Armour: Scale mail        |    71 |     9 ||    80
  Dodge: Dodged            |    47 |     5 ||    52
  Block: Buckler           |    21 |     4 ||    25

Table legend: (Time is in decaauts)
 A = Elapsed time spent in this place.
 B = Non-inter-level travel time spent in this place.
 C = Inter-level travel time spent in this place.
 D = Time resting spent in this place.
 E = Time spent auto-exploring this place.
 F = Levels seen in this place.
 G = Mean time per level.
                   A        B        C        D        E       F      G
               +--------+--------+--------+--------+--------+-----+--------+
         Total |   2086 |   2024 |     62 |     66 |   1594 |   4 |  521.5 |
       Dungeon |   2086 |   2024 |     62 |     66 |   1594 |   4 |  521.5 |
               +--------+--------+--------+--------+--------+-----+--------+

Top non-repeatable levels by time:
     D:3: 864 daAuts
     D:1: 689 daAuts
     D:2: 528 daAuts
     D:4: 4 daAuts
